Map: Polka LE

Players

qqq - Winner!

  • Race: Protoss Protoss
  • Spawn Location: 5:00

Massa - Winner!

  • Race: Terran Terran
  • League: Platinum
  • Spawn Location: 5:00

Antiga

  • Race: Terran Terran
  • Spawn Location: 11:00

Wadpig

  • Race: Protoss Protoss
  • Spawn Location: 11:00

VOD

Have the link to the VOD?

Description

Time

  • Played on: Oct. 10, 2020, 5:07 p.m.
  • Length: 9:52
Show
View Real Time Build Order
Export as new Build Order

qqq Protoss - Winner!

Build Orders: 1 Gate Expand 

Get SALT Encoding   

  12  0:02  Probe  
  13  0:14  Probe  
  14  0:25  Pylon  
  14  0:32  Probe  
  15  0:44  Probe  
  15  0:47  Gateway  
  16  0:55  Assimilator  
  16  0:56  Probe  
  17  1:08  Probe  
  18  1:20  Probe  
  19  1:31  Nexus  
  19  1:37  Zealot  
  21  1:45  Cybernetics Core  
  21  1:52  Probe  
  22  2:04  Probe  
  23  2:11  Pylon  
  23  2:19  Pylon  
  23  2:25  Twilight Council  
  23  2:29  Probe, Zealot  
  26  2:41  Probe  
  27  2:46  Gateway  
  27  2:54  Zealot (Chrono Boost)  
  29  2:59  Charge (Chrono Boost)  
  30  3:05  Probe  
  30  3:06  Probe  
  30  3:10  Zealot (Chrono Boost)  
  31  3:17  Probe, Gateway  
  31  3:18  Probe  
  35  3:30  Zealot  
  35  3:34  Probe  
  36  3:36  Probe  
  39  3:41  Zealot  
  41  3:57  Zealot  
  43  4:03  Probe x2  
  43  4:08  Zealot  
  43  4:09  Zealot  
  49  4:15  Probe x2  
  51  4:23  Dark Shrine  
  51  4:24  Zealot  
  51  4:25  Robotics Facility  
  51  4:27  Probe  
  54  4:37  Pylon  
  54  4:39  Pylon  
  54  4:50  Pylon  
  54  4:55  Probe, Zealot x3  
  54  4:57  Pylon  
  61  5:07  Pylon  
  61  5:08  Probe  
  61  5:13  Gateway  
  61  5:14  Observer  
  63  5:17  Pylon  
  63  5:23  Zealot x3  
  69  5:34  Warp Prism  
  71  5:50  Zealot x3  
  71  5:51  Pylon  
  71  5:52  Nexus  
  77  6:17  Dark Templar  
  77  6:18  Dark Templar  
  75  6:34  Zealot x2  
  75  6:56  Dark Templar  
  75  7:00  Zealot  
  79  7:05  Probe x2  
  81  7:17  Probe x2  
  67  8:05  Zealot, Dark Templar  
  67  8:06  Zealot x2  
  67  8:12  Probe  
  74  8:24  Probe  
  75  8:33  Zealot x3  
  81  8:36  Probe  
  82  8:45  Dark Templar  
  82  8:47  Assimilator  
  82  8:48  Probe  
  85  8:51  Probe, Assimilator  
  85  8:52  Assimilator  
  86  8:59  Stalker  
  86  9:00  Probe  
  89  9:04  Probe  
  90  9:12  Probe  
  90  9:15  Stalker  
  90  9:16  Probe  
  94  9:24  Probe  
  94  9:28  Probe  
  94  9:36  Probe  
  104  9:51  Gateway  
Show
View Real Time Build Order
Export as new Build Order

Massa Terran - Winner!

Build Orders: Gas First Reaper Expand 

Get SALT Encoding   

  12  0:00  SCV  
  13  0:12  SCV  
  14  0:23  Supply Depot  
  14  0:24  SCV  
  15  0:29  Refinery  
  15  0:45  SCV  
  15  0:47  Barracks  
  16  0:57  SCV  
  17  1:09  SCV  
  18  1:21  SCV  
  19  1:37  Reaper  
  20  1:42  Command Center  
  20  1:51  Supply Depot  
  20  1:52  Orbital Command  
  20  2:09  Marine  
  20  2:14  Factory  
  21  2:22  SCV  
  22  2:31  Barracks Reactor  
  22  2:34  SCV  
  23  3:16  Widow Mine  
  25  3:20  Orbital Command  
  25  3:21  Starport  
  25  3:24  SCV  
  26  3:29  Supply Depot  
  26  3:34  Engineering Bay  
  26  3:36  SCV  
  26  3:38  Widow Mine  
  26  3:41  Supply Depot  
  29  3:42  Refinery  
  29  3:45  Marine x2  
  29  3:48  SCV  
  32  3:49  SCV  
  33  3:59  Medivac  
  33  4:00  SCV  
  33  4:01  SCV  
  33  4:02  Factory Tech Lab, Marine  
  37  4:03  Marine  
  39  4:12  SCV  
  39  4:13  SCV  
  41  4:20  Marine x2  
  43  4:24  SCV  
  43  4:25  SCV, Missile Turret  
  43  4:28  Siege Tank  
  48  4:36  SCV  
  48  4:37  SCV  
  50  4:38  Refinery x2, Marine x2  
  52  4:46  Missile Turret  
  52  4:49  SCV x2  
  54  4:54  Command Center  
  54  4:56  Marine x2  
  56  5:06  Liberator  
  59  5:14  Marine x2  
  61  5:29  Supply Depot  
  61  5:30  SCV  
  61  5:31  Missile Turret  
  62  5:45  Barracks  
  62  5:47  Barracks  
  62  5:48  Armory, Terran Infantry Weapons Level 1  
  62  5:50  Marine x2  
  62  5:51  SCV x2  
  66  6:03  SCV x2  
  64  6:08  Marine  
  66  6:15  SCV  
  65  6:19  Marine  
  63  6:30  Widow Mine  
  59  6:37  Orbital Command, Marine  
  57  6:51  Widow Mine  
  57  6:52  Marine x2  
  61  6:55  Marine  
  62  7:10  Marine  
  62  7:12  Marine  
  62  7:13  Widow Mine  
  58  7:30  Marine  
  59  7:42  Barracks  
  58  7:45  Barracks  
  58  7:50  Marine, Supply Depot x2  
  45  7:51  Supply Depot  
  45  7:55  Widow Mine  
  46  8:11  Marine  
  47  8:18  Supply Depot  
  47  8:19  Supply Depot  
  47  8:29  Orbital Command, Marine  
  48  8:36  SCV  
  49  8:47  Marine  
  49  8:48  SCV  
  51  9:00  SCV  
  52  9:05  Marine  
  53  9:12  SCV  
  52  9:24  SCV  
  53  9:38  Factory Tech Lab  
  53  9:40  Barracks Tech Lab  
  53  9:43  Barracks Reactor x2  
Show
View Real Time Build Order
Export as new Build Order

Antiga Terran 

Build Orders:  

Get SALT Encoding   

  12  0:00  SCV  
  13  0:14  SCV  
  14  0:25  Supply Depot  
  14  0:30  SCV  
  15  0:37  Refinery  
  15  0:47  SCV  
  16  0:51  Barracks  
  16  0:59  SCV  
  17  1:11  SCV  
  18  1:22  Supply Depot  
  18  1:23  SCV  
  19  1:35  SCV  
  20  1:41  Reaper  
  20  1:45  Barracks  
  21  1:50  Orbital Command  
  21  1:57  Refinery  
  21  2:00  Factory  
  21  2:16  SCV  
  22  2:23  Barracks Reactor  
  22  2:32  Command Center  
  22  2:35  Barracks Tech Lab  
  22  2:39  SCV  
  23  2:44  Factory Reactor  
  23  2:51  Supply Depot  
  23  2:54  SCV  
  24  2:59  Marine x2  
  26  3:06  Stimpack  
  26  3:09  SCV  
  27  3:23  Marine x3  
  30  3:30  Supply Depot  
  30  3:33  Starport  
  30  3:39  SCV  
  30  3:41  Marine  
  31  3:43  Marine  
  33  3:56  Engineering Bay  
  33  3:58  Marine  
  33  3:59  Marine  
  33  4:01  Marine  
  36  4:05  Supply Depot  
  36  4:11  Orbital Command  
  36  4:16  Medivac x2  
  40  4:20  Marine  
  40  4:21  Factory Tech Lab, Marine  
  42  4:25  Marine  
  43  4:38  Marine  
  44  4:39  Marine  
  44  4:43  Marine  
  44  4:44  Siege Tank  
  49  4:56  Marine, Medivac  
  52  5:00  Marine  
  52  5:01  Marine  
  54  5:13  SCV x2  
  54  5:14  Marine  
  56  5:18  Marine  
  58  5:22  Marine  
  58  5:23  Missile Turret  
  58  5:24  Missile Turret  
  58  5:25  SCV x2  
  61  5:40  SCV  
  61  5:41  SCV  
  63  5:53  SCV  
  57  7:07  Siege Tank  
  44  7:36  SCV  
  45  7:48  SCV  
  42  8:01  SCV  
  5  8:51  Orbital Command  
  5  8:56  Orbital Command  
  5  9:23  SCV  
  6  9:35  SCV  
Show
View Real Time Build Order
Export as new Build Order

Wadpig Protoss 

Build Orders:  

Get SALT Encoding   

  12  0:00  Probe  
  13  0:12  Probe  
  14  0:18  Pylon  
  14  0:24  Probe  
  15  0:37  Probe  
  15  0:39  Gateway  
  16  0:49  Probe (Chrono Boost)  
  17  0:50  Assimilator  
  17  1:01  Probe (Chrono Boost)  
  18  1:09  Probe (Chrono Boost)  
  19  1:15  Probe  
  20  1:22  Pylon  
  20  1:30  Cybernetics Core  
  20  1:35  Probe (Chrono Boost)  
  20  1:37  Assimilator  
  21  1:45  Probe (Chrono Boost)  
  22  1:50  Probe (Chrono Boost)  
  23  1:59  Nexus  
  23  2:06  Pylon  
  23  2:09  Warp Gate  
  23  2:14  Stalker (Chrono Boost)  
  23  2:22  Probe  
  26  2:34  Probe  
  27  2:38  Shield Battery  
  27  2:43  Stalker  
  29  3:05  Gateway  
  29  3:06  Gateway  
  29  3:08  Probe  
  30  3:13  Robotics Facility  
  30  3:23  Probe  
  30  3:24  Probe  
  32  3:36  Probe  
  32  3:39  Twilight Council  
  33  3:46  Probe, Assimilator  
  33  3:48  Probe  
  35  3:58  Probe, Pylon  
  35  4:00  Probe  
  35  4:01  Stalker  
  39  4:06  Observer  
  40  4:10  Probe (Chrono Boost)  
  40  4:13  Probe (Chrono Boost)  
  42  4:22  Probe (Chrono Boost)  
  44  4:24  Probe (Chrono Boost), Gateway  
  44  4:28  Probe (Chrono Boost)  
  44  4:29  Probe (Chrono Boost)  
  46  4:36  Pylon  
  47  4:42  Charge (Chrono Boost)  
  47  4:43  Pylon  
  47  4:50  Probe  
  47  4:58  Warp Prism (Chrono Boost)  
  49  5:00  Stalker  
  51  5:15  Gateway x2  
  51  5:16  Gateway  
  51  5:17  Dark Shrine, Pylon  
  51  5:29  Zealot x3, Immortal (Chrono Boost)  
  61  6:01  Forge  
  59  6:13  Shield Battery  
  59  6:17  Sentry  
  61  6:26  Sentry  
  61  6:27  Sentry  
  53  6:36  Dark Templar x2  
  53  6:45  Photon Cannon  
  49  6:47  Photon Cannon  
  49  6:53  Zealot x2  
  34  7:09  Dark Templar x2  
  34  7:14  Nexus  
  34  7:15  Pylon  
  32  7:17  Pylon  
  32  7:19  Dark Templar  
  33  7:39  Cybernetics Core  
  33  7:42  Gateway  
  33  7:43  Gateway  
  31  7:44  Gateway  
  31  7:54  Assimilator  
  31  8:10  Probe  
  32  8:22  Probe  
  32  8:23  Pylon x2  
  32  8:25  Stalker  
  35  8:50  Probe (Chrono Boost)  
  36  8:59  Probe (Chrono Boost)  
  36  9:04  Probe (Chrono Boost)  
  34  9:16  Dark Templar  
Tags
 
Add a new tag
Caveats
  • Supply blocks, unpowered buildings, or Contaminate may cause inaccurate times.
  • Supply counts are checked every 10 seconds.